 Dungeon Crawl Stone Soup version 0.29.0-4-gdea44cf6ec (webtiles) character file.

Game seed: 13412734671612908830

1325 qw the Cleaver (level 8, -1/48 HPs)
             Began as a Tengu Warper on Aug 28, 2022.
             Slain by a steam dragon (5 damage)
             ... on level 5 of the Dungeon.
             The game lasted 00:00:36 (3816 turns).

qw the Cleaver (Tengu Warper)                       Turns: 3816, Time: 00:00:36

Health: -1/48      AC:  9    Str: 18    XL:     8   Next: 60%
Magic:  12/12      EV: 12    Int: 13    God:
Gold:   242        SH:  5    Dex: 12    Spells: 11/11 levels left

rFire   . . .      SeeInvis .   Y - +2 war axe (flame)
rCold   . . .      Faith    .   k - +1 buckler {rPois}
rNeg    . . .      Spirit   .   g - +0 chain mail
rPois   +          Reflect  .   (helmet restricted)
rElec   .          Harm     .   d - scarf {repulsion}
rCorr   .          Rampage  .   (no gloves)
Will    .....                   (boots unavailable)
Stlth   ..........              l - amulet of regeneration
HPRegen 0.96/turn               i - +4 ring of evasion
MPRegen 0.13/turn               (no ring)

@: about to teleport, flying quickly and evasively, repel missiles, quick
A: beak, talons 3, nimble flight, strong 1
a: no special abilities


You were on level 5 of the Dungeon.
You visited 1 branch of the dungeon, and saw 5 of its levels.

You collected 323 gold pieces.
You spent 81 gold pieces at shops.


Innate Abilities, Weirdness & Mutations

You have a beak for a mouth.
You have claws for feet.
Your magical nature lets you fly swiftly and evasively.
Your muscles are strong. (Str +4, Int/Dex -1)


   Skills:
 - Level 4.0 Fighting
 + Level 9.6 Axes
 - Level 1.0 Throwing
 - Level 3.5 Armour
 - Level 2.1 Dodging
 - Level 2.2 Shields
 - Level 2.0 Spellcasting
 - Level 2.4 Translocations


You had 11 spell levels left.
You didn't know any spells.
Your spell library contained the following spells:

 Spells                   Type           Power      Damage    Failure   Level
 Blink                    Tloc           14%        N/A       94%         2
 Gell's Gravitas          Tloc           7%         N/A       99%         3
 Lesser Beckoning         Tloc           7%         N/A       99%         3
 Teleport Other           Tloc           7%         N/A       99%         3
 Manifold Assault         Tloc           7%         N/A       100%        5

Inventory:

Hand Weapons
 Y - a +2 war axe of flaming (weapon)
Armour
 d - a scarf of repulsion (worn)
 g - a +0 chain mail (worn)
 k - a +1 buckler of poison resistance (worn)
 q - a +0 chain mail of poison resistance
Jewellery
 i - a +4 ring of evasion (left hand)
 l - an amulet of regeneration (around neck)
Scrolls
 m - a scroll of identify
Potions
 a - a potion of mutation
 b - a potion of haste
 e - a potion of resistance
 h - 5 potions of curing
 p - a potion of degeneration {unknown}

Dungeon Overview and Level Annotations

Branches:
Dungeon (5/15)
 Temple: D:4-7

Altars:
Elyvilon
Sif Muna

Shops:
D:1 (:([


Message History

You closely miss the steam dragon.
You are engulfed in a cloud of scalding steam.
The steam dragon bites you. The steam dragon claws you.
The steam dragon breathes steam at you. The ball of steam hits you!
You completely miss the steam dragon.
The steam dragon is almost dead.
You hit the steam dragon. You burn the steam dragon.
You are engulfed in a cloud of scalding steam.
You block the steam dragon's attack. The steam dragon closely misses you.
The steam dragon barely misses you. You block the steam dragon's attack.
You barely miss the steam dragon. You claw the steam dragon.
You kill the steam dragon!
You hit the steam dragon but do no damage.
You are engulfed in a cloud of scalding steam.
The steam dragon bites you. The steam dragon barely misses you.
You hit the steam dragon but do no damage.
The steam dragon is moderately wounded.
You are engulfed in a cloud of scalding steam.
The steam dragon breathes steam at you. The ball of steam hits you!!
3813 ||| READING scroll of teleportation.
As you read the scroll of teleportation, it crumbles to dust.
You feel strangely unstable.
You are engulfed in a cloud of scalding steam.
The steam dragon bites you but does no damage.
The steam dragon barely misses you.
You hit the steam dragon. You burn the steam dragon.
You claw the steam dragon, but do no damage.
The steam dragon is heavily wounded.
The steam dragon bites you.
The steam dragon claws you but does no damage.
You barely miss the steam dragon.
The steam dragon is heavily wounded.
The steam dragon closely misses you.
The steam dragon claws you but does no damage.
You barely miss the steam dragon. Your kick misses the steam dragon.
The steam dragon is heavily wounded.
The steam dragon bites you.
You die...

#...# #############...#
##### ##......#........#
#.... +.......#.#......#
#....
#.........#......####....
#........##<#.#####......
#.##..#..##.#.#.....#.##.
.......ยค<................
......#.@.[.........#.##.
..###.#.D.#.##...........
.. #.#.).#.##.........##
#.................## #
#....#...........####
#.#..#........#..#..##....
#....).%.........#........
......#.#.........#.#......
#.###...##).#.##.##.#.....#


You could see a steam dragon.

Vanquished Creatures
  A steam dragon (D:5)
  A water moccasin (D:4)
  Pargi (D:4)
  A black bear (D:4)
  An ogre (D:5)
  A phantom (D:4)
  A necrophage (D:4)
  3 scorpions
  A jelly (D:4)
  3 orc priests
  Natasha (thrice) (D:2)
  4 orc wizards
  12 adders
  A shadow imp (D:4)
  An ufetubus (D:4)
  A worm (D:3)
  2 dart slugs
  9 orcs
  4 ball pythons
  8 endoplasms
  3 giant cockroaches
  7 goblins
  13 hobgoblins
  2 quokkas
  8 bats
  9 frilled lizards
  11 kobolds
  5 rats
117 creatures vanquished.

Vanquished Creatures (others)
  A fungus (D:5)
1 creature vanquished.

Grand Total: 118 creatures vanquished

Notes
Turn   | Place    | Note
-------+----------+-------------------------------------------
     0 | D:1      | qw the Tengu Warper began the quest for the Orb.
     0 | D:1      | Reached XP level 1. HP: 12/12 MP: 4/4
     0 | D:1      | 0 ||| qw: Version: 0.1-a-89-g26bdef1
     0 | D:1      | 0 ||| qw: Game counter: 294
     0 | D:1      | 0 ||| qw: Always use a shield: true
     0 | D:1      | 0 ||| qw: God list: Okawaru
     0 | D:1      | 0 ||| qw: Allow faded altars: false
     0 | D:1      | 0 ||| qw: Do Orc after D:15 true
     0 | D:1      | 0 ||| qw: Do second Lair branch before Depths: true
     0 | D:1      | 0 ||| qw: Lair rune preference: random
     0 | D:1      | 0 ||| qw: Plans: Normal
     0 | D:1      | 0 ||| PLANNING D:1-11
    24 | D:1      | 24 ||| Stepping ~*~*~tactically~*~*~ (stealth).
    27 | D:1      | Reached XP level 2. HP: 17/17 MP: 6/6
    28 | D:1      | Reached skill level 3 in Axes
   103 | D:1      | Found Aphef's Weapon Emporium.
   116 | D:1      | 116 ||| SHOPLISTING +0 mace (39 gold, have 25).
   116 | D:1      | 116 ||| SHOPLISTING +0 war axe (45 gold, have 25).
   116 | D:1      | Found Gyageug's Antique Armour Shoppe.
   142 | D:1      | 142 ||| BUYING chain mail (81 gold).
   142 | D:1      | Bought a chain mail for 81 gold pieces
   142 | D:1      | 142 ||| SHOPLISTING plate armour (414 gold, have 11).
   142 | D:1      | 142 ||| SHOPLISTING runed cloak (135 gold, have 11).
   189 | D:1      | Found Zuleqid's Book Shoppe.
   407 | D:1      | HP: 4/17 [frozen (1)]
   665 | D:1      | Found Deegy's Antique Weapon Boutique.
   674 | D:1      | 674 ||| SHOPLISTING flail (91 gold, have 52).
   674 | D:1      | 674 ||| SHOPLISTING glowing whip (143 gold, have 52).
   674 | D:1      | 674 ||| SHOPLISTING mace (78 gold, have 52).
   754 | D:1      | Found a faded altar of an unknown god.
   830 | D:1      | 830 ||| UPGRADING to +0 chain mail.
   840 | D:1      | 840 ||| DROPPING +0 leather armour.
   841 | D:1      | 841 ||| UPGRADING to +1 buckler of poison resistance.
   846 | D:1      | 846 ||| UPGRADING to amulet of regeneration.
   851 | D:1      | 851 ||| UPGRADING to +4 ring of evasion.
   852 | D:1      | 852 ||| READING scroll labelled DUZEIVVITE.
   853 | D:1      | 853 ||| READING scroll labelled VEEFEF YM SUIZEMN.
   854 | D:1      | 854 ||| READING scroll labelled DIC KUXUFADO.
   858 | D:1      | 858 ||| READING 2 scrolls labelled WEMIOS ODEST.
   859 | D:1      | 859 ||| READING scroll labelled AWOACI CAR.
   960 | D:1      | 960 ||| DRINKING 5 smoky emerald potions.
   961 | D:1      | 961 ||| DROPPING scroll of blinking.
   962 | D:1      | 962 ||| DROPPING scroll of butterflies.
   980 | D:2      | Reached skill level 1 in Shields
   980 | D:2      | Reached XP level 3. HP: 21/21 MP: 7/7
  1128 | D:2      | Reached skill level 4 in Axes
  1135 | D:2      | Found a white marble altar of Elyvilon.
  1301 | D:2      | Reached XP level 4. HP: 26/26 MP: 8/8
  1336 | D:2      | Noticed Natasha
  1343 | D:2      | Killed Natasha
  1428 | D:2      | Noticed Natasha
  1429 | D:2      | 1429 ||| Stepping ~*~*~tactically~*~*~ (stealth).
  1432 | D:2      | 1432 ||| Stepping ~*~*~tactically~*~*~ (hiding).
  1441 | D:2      | Killed Natasha
  1442 | D:2      | Reached skill level 5 in Axes
  1506 | D:2      | Gained mutation: Your magical nature lets you fly swiftly
                  | and evasively. [Tengu growth]
  1506 | D:2      | Reached XP level 5. HP: 30/30 MP: 9/9
  1648 | D:2      | Noticed Natasha
  1649 | D:2      | 1649 ||| Stepping ~*~*~tactically~*~*~ (stealth).
  1654 | D:2      | 1654 ||| Stepping ~*~*~tactically~*~*~ (hiding).
  1665 | D:2      | Killed Natasha
  1695 | D:2      | 1695 ||| READING scroll labelled PETAYR LIHOKH.
  1696 | D:2      | 1696 ||| READING scroll labelled AKEASEODOE.
  1697 | D:2      | 1697 ||| DRINKING 2 blue potions.
  1697 | D:2      | Gained mutation: Your muscles are strong. (Str +4, Int/Dex
                  | -1) [potion of mutation]
  1698 | D:2      | 1698 ||| DRINKING 3 metallic orange potions.
  1745 | D:2      | 1745 ||| DROPPING 2 potions of lignification.
  1810 | D:3      | 1810 ||| Stepping ~*~*~tactically~*~*~ (stealth).
  1885 | D:3      | 1885 ||| Stepping ~*~*~tactically~*~*~ (stealth).
  1989 | D:3      | Found a shimmering blue altar of Sif Muna.
  2049 | D:3      | Reached skill level 6 in Axes
  2395 | D:4      | 2395 ||| Stepping ~*~*~tactically~*~*~ (hiding).
  2412 | D:4      | 2412 ||| DROPPING +0 club.
  2414 | D:4      | 2414 ||| Stepping ~*~*~tactically~*~*~ (stealth).
  2421 | D:4      | Reached XP level 6. HP: 35/35 MP: 10/10
  2426 | D:4      | 2426 ||| Stepping ~*~*~tactically~*~*~ (stealth).
  2439 | D:4      | Noticed Pargi
  2440 | D:4      | 2440 ||| Stepping ~*~*~tactically~*~*~ (stealth).
  2458 | D:4      | 2458 ||| DROPPING +0 whip.
  2464 | D:4      | 2464 ||| Stepping ~*~*~tactically~*~*~ (stealth).
  2489 | D:4      | Killed Pargi
  2546 | D:4      | Reached skill level 7 in Axes
  2706 | D:4      | 2706 ||| Stepping ~*~*~tactically~*~*~ (stealth).
  2819 | D:4      | Reached skill level 3 in Fighting
  2819 | D:4      | Reached XP level 7. HP: 41/41 MP: 11/11
  2875 | D:4      | 2875 ||| Stepping ~*~*~tactically~*~*~ (stealth).
  2876 | D:4      | 2876 ||| Stepping ~*~*~tactically~*~*~ (stealth).
  2886 | D:4      | 2886 ||| FLEEEEING.
  2887 | D:4      | 2887 ||| FLEEEEING.
  2889 | D:4      | 2889 ||| FLEEEEING.
  2892 | D:4      | 2892 ||| FLEEEEING.
  2893 | D:4      | 2893 ||| FLEEEEING.
  2894 | D:4      | 2894 ||| FLEEEEING.
  2899 | D:4      | 2899 ||| FLEEEEING.
  2910 | D:4      | 2910 ||| FLEEEEING.
  2911 | D:4      | 2911 ||| FLEEEEING.
  2912 | D:4      | 2912 ||| FLEEEEING.
  2919 | D:4      | 2919 ||| FLEEEEING.
  2920 | D:4      | 2920 ||| FLEEEEING.
  2921 | D:4      | 2921 ||| FLEEEEING.
  2922 | D:4      | 2922 ||| FLEEEEING.
  2958 | D:4      | 2958 ||| SWAPPING to +2 war axe of flaming.
  2959 | D:4      | 2959 ||| DROPPING +0 flail.
  2960 | D:4      | 2960 ||| DROPPING +0 hand axe.
  3005 | D:4      | 3005 ||| Stepping ~*~*~tactically~*~*~ (stealth).
  3245 | D:4      | Reached skill level 8 in Axes
  3423 | D:4      | 3423 ||| UPGRADING to scarf of repulsion.
  3428 | D:4      | 3428 ||| READING scroll labelled QYMAGI HIMUMU.
  3449 | D:4      | 3449 ||| READING 5 scrolls of identify.
  3449 | D:4      | 3449 ||| IDENTIFYING fizzy yellow potion
  3450 | D:4      | 3450 ||| READING 4 scrolls of identify.
  3450 | D:4      | 3450 ||| IDENTIFYING black potion
  3451 | D:4      | 3451 ||| READING 3 scrolls of identify.
  3451 | D:4      | 3451 ||| IDENTIFYING glowing blue potion
  3452 | D:4      | 3452 ||| READING 2 scrolls of identify.
  3452 | D:4      | 3452 ||| IDENTIFYING lumpy red potion
  3453 | D:4      | 3453 ||| DROPPING potion of attraction.
  3454 | D:4      | 3454 ||| DROPPING potion of magic.
  3474 | D:5      | Entered Level 5 of the Dungeon
  3476 | D:5      | 3476 ||| Stepping ~*~*~tactically~*~*~ (hiding).
  3477 | D:5      | 3477 ||| Stepping ~*~*~tactically~*~*~ (hiding).
  3478 | D:5      | 3478 ||| Stepping ~*~*~tactically~*~*~ (hiding).
  3480 | D:5      | 3480 ||| Stepping ~*~*~tactically~*~*~ (hiding).
  3481 | D:5      | 3481 ||| STAIRDANCE
  3588 | D:5      | 3588 ||| STAIRDANCE
  3597 | D:5      | 3597 ||| STAIRDANCE
  3603 | D:5      | 3603 ||| STAIRDANCE
  3616 | D:5      | 3616 ||| STAIRDANCE
  3623 | D:5      | 3623 ||| STAIRDANCE
  3627 | D:4      | Reached XP level 8. HP: 33/46 MP: 12/12
  3643 | D:5      | 3643 ||| STAIRDANCE
  3646 | D:4      | Reached skill level 9 in Axes
  3745 | D:5      | 3745 ||| FLEEEEING.
  3746 | D:5      | 3746 ||| FLEEEEING.
  3748 | D:5      | 3748 ||| FLEEEEING.
  3749 | D:5      | 3749 ||| FLEEEEING.
  3750 | D:5      | 3750 ||| FLEEEEING.
  3756 | D:5      | 3756 ||| FLEEEEING.
  3761 | D:5      | Reached skill level 3 in Armour
  3763 | D:5      | 3763 ||| FLEEEEING.
  3764 | D:5      | 3764 ||| FLEEEEING.
  3765 | D:5      | 3765 ||| FLEEEEING.
  3766 | D:5      | 3766 ||| FLEEEEING.
  3767 | D:5      | 3767 ||| STAIRDANCE
  3776 | D:4      | 3776 ||| READING scroll labelled PAOHA HULAF.
  3777 | D:4      | 3777 ||| READING 2 scrolls of identify.
  3777 | D:4      | 3777 ||| IDENTIFYING murky pink potion
  3778 | D:4      | 3778 ||| DROPPING potion of berserk rage.
  3783 | D:5      | 3783 ||| STAIRDANCE
  3796 | D:5      | 3796 ||| STAIRDANCE
  3812 | D:5      | HP: 4/48 [steam dragon/ball of steam (18)]
  3813 | D:5      | 3813 ||| READING scroll of teleportation.
  3816 | D:5      | Slain by a steam dragon

Levels and vault maps discovered:
D:1:      onia_arrival_pyramid, layout_rooms, serial_shops, shop, shop_statue,
          shop, shop_coins, hellmonk_ecumenical_altar_lost_god
D:2:      minmay_razor_zed, layout_basic, basic_altar, uniq_natasha
D:3:      layout_basic, led_sif_pool, minmay_goblin_kobold_house
D:4:      layout_loops_corners, minmay_misc_feat_doors,
          minmay_fractal_squares_diagonal_5, uniq_pargi
D:5:      kennysheep_steamy, layout_basic, lemuel_mausoleum_altar_yredelemnul

Skill      XL: |  1  2  3  4  5  6  7  8 |
---------------+-------------------------+-----
Axes           | 3 4 5 6 7 8 9 |  9.6
Shields        | 1 2 |  2.2
Armour         | 2 3 |  3.5
Fighting       | 3 4 |  4.0
Throwing       | |  1.0
Dodging        | |  2.1
Spellcasting   | |  2.0
Translocations | |  2.4

Action                   |  1- 3 |  4- 6 |  7- 9 || total
-------------------------+-------+-------+-------++-------
Melee: Hand axe          |    77 |   180 |    24 ||   281
       Kick              |    14 |    42 |    18 ||    74
       Peck              |    11 |    25 |    17 ||    53
       War axe           |       |       |    75 ||    75
Throw: Boomerang         |     7 |       |       ||     7
  Use: Scroll            |     5 |     2 |     8 ||    15
       Potion            |     1 |     2 |       ||     3
Armor: Leather armour    |     4 |       |       ||     4
       Chain mail        |    16 |    81 |    31 ||   128
Dodge: Dodged            |    28 |    86 |    54 ||   168
       Repelled          |       |       |     2 ||     2
Block: Buckler           |    11 |    25 |    22 ||    58

Table legend:
 A = Non-vault XP
 B = Vault XP
 C = Vault XP percentage of total XP
 D = Non-vault monster count
 E = Vault monster count
 F = Vault count percentage of total count
                 A         B        C        D         E       F
            +---------+---------+-------+---------+---------+-------
      Total |    1385 |     508 |  26.8 |      94 |      23 |  19.7
            +---------+---------+-------+---------+---------+-------
        D:1 |      26 |       0 |   0.0 |      16 |       0 |   0.0
        D:2 |     131 |      73 |  35.8 |      18 |      11 |  37.9
        D:3 |      54 |       6 |  10.0 |      22 |       3 |  12.0
        D:4 |     810 |     257 |  24.1 |      30 |       8 |  21.1
        D:5 |     364 |     172 |  32.1 |       8 |       1 |  11.1
            +---------+---------+-------+---------+---------+-------
